 Dungeon Crawl Stone Soup version 0.21.1-1-g345015f (webtiles) character file.

1978 letownia2 the Ruffian (level 9, 51/64 (65) HPs)
             Began as a Demonspawn Gladiator on July 15, 2018.
             Quit the game on level 7 of the Dungeon.
             The game lasted 00:16:34 (2996 turns).

letownia2 the Ruffian (Demonspawn Gladiator)        Turns: 2996, Time: 00:16:35

HP:   51/64 (65)    AC: 11    Str: 18    XL:     9   Next: 1%
MP:   10/13         EV: 11    Int: 10    God:
Gold: 219           SH:  4    Dex: 14    Spells: 12/14 levels left

rFire    + . .     SeeInvis .     - Unarmed
rCold    . . .     Gourm    .   (no shield)
rNeg     . . .     Faith    .   t - +0 scale mail
rPois    .         Spirit   .   b - +0 helmet
rElec    .         Reflect  .   r - +0 cloak {+Inv}
rCorr    .         Harm     .   f - +1 pair of gloves
MR       .....                  (no boots)
Stlth    +.........             (no amulet)
HPRegen  0.20/turn              u - ring of stealth
MPRegen  0.13/turn              (no ring)

@: no status effects
A: talons 1, large bone plates 1, fire resistance 1, powered by pain 1
a: Evoke Invisibility


You were on level 7 of the Dungeon.
You were very hungry.

You visited 1 branch of the dungeon, and saw 7 of its levels.

You collected 219 gold pieces.

Inventory:

Hand Weapons
 d - the +6 hunting sling of the Solstice {flame, rF+ rC- Str+4}
   (You found it on level 5 of the Dungeon)

   It causes projectiles fired from it to burn those they strike, causing extra
   injury to most foes and up to half again as much damage against particularly
   susceptible opponents.
   It affects your strength (+4).
   It protects you from fire.
   It makes you vulnerable to cold.
Missiles
 q - 32 sling bullets
 D - 54 stones (quivered)
Armour
 a - a +0 ring mail
 b - a +0 helmet (worn)
 f - a +1 pair of gloves (worn)
 p - a +0 chain mail
 r - a +0 cloak of invisibility (worn)
 t - a +0 scale mail (worn)
 v - a +0 large shield
Jewellery
 u - a ring of stealth (left hand)
Wands
 y - a wand of enslavement (13)
 G - a wand of disintegration (15)
Scrolls
 e - 3 scrolls of enchant armour {unknown}
 h - 11 scrolls of identify {unknown}
 i - 2 scrolls of enchant weapon {unknown}
 j - 2 scrolls of fear {unknown}
 o - 3 scrolls of magic mapping {unknown}
 x - a scroll of amnesia {unknown}
 C - a scroll of teleportation {unknown}
 F - a scroll of fog {unknown}
 I - a scroll of noise {unknown}
 J - a scroll of acquirement {unknown}
 K - a scroll of remove curse {unknown}
Potions
 g - 2 potions of might {unknown}
 k - 2 potions of heal wounds {unknown}
 l - 2 potions of haste {unknown}
 m - a potion of flight {unknown}
 n - a potion of agility {unknown}
 s - 2 potions of mutation {unknown}
 w - a potion of lignification {unknown}
 z - a potion of curing {unknown}
 A - a potion of invisibility {unknown}
 B - a potion of resistance {unknown}
 E - 2 potions of brilliance {unknown}
Books
 H - a book of Cantrips

   Spells                             Type                      Level
   a - Confusing Touch                Hexes                        1
   b - Animate Skeleton               Necromancy                   1
   c - Summon Small Mammal            Summoning                    1
   d - Apportation                    Translocation                1
 L - the Incunabulum of Confrontation
   (You found it on level 6 of the Dungeon)

   Spells                             Type                      Level
   a - Throw Flame                    Conjuration/Fire             2
   b - Searing Ray                    Conjuration                  2
   c - Conjure Flame                  Conjuration/Fire             3
   d - Lightning Bolt                 Conjuration/Air              5
   e - Fireball                       Conjuration/Fire             5
Comestibles
 c - 8 rations


   Skills:
 - Level 4.2 Fighting
 - Level 1.7 Throwing
 - Level 4.0 Armour
 - Level 2.6 Dodging
 - Level 7.3 Unarmed Combat
 + Level 3.1 Spellcasting
 * Level 4.8 Hexes
 - Level 2.2 Necromancy


You had 12 spell levels left.
You knew the following spells:

 Your Spells              Type           Power        Failure   Level  Hunger
d - Confusing Touch       Hex            ##....       12%         1    #......
k - Animate Skeleton      Necr           N/A          32%         1    #......


Dungeon Overview and Level Annotations

Branches:
Dungeon (7/15)
 Temple: D:4-7

Altars:
Ashenzari
Fedhas
Uskayaw
Xom
Yredelemnul
The Shining One

Annotations:
D:4 Ethylacetat's ghost, amateur NaFi


Innate Abilities, Weirdness & Mutations

You have sharp toenails.
You are partially covered in large bone plates. (SH +4)
Your flesh is heat resistant. (rF+)
You sometimes gain a little power by taking damage.


Message History

Kalagan's ghost casts a spell at you. The puff of flame hits you! You resist.
You closely miss kalagan's ghost.
Kalagan's ghost is almost destroyed.
Kalagan's ghost hits you.
You punch kalagan's ghost!
Kalagan's ghost is almost destroyed.
You miss kalagan's ghost.
Kalagan's ghost is almost destroyed.
Kalagan's ghost hits you but does no damage.
You punch kalagan's ghost!
You destroy kalagan's ghost!
Your Spellcasting skill gained 2 levels and is now at level 3!
Your Hexes skill gained 2 levels and is now at level 4!
You have reached level 9!
Your experience leads to an increase in your attributes!
Increase (S)trength, (I)ntelligence, or (D)exterity?
You feel stronger.
Your demonic ancestry asserts itself...
Your toenails lengthen and sharpen.
Are you sure you want to abandon this character and quit the game? (Confirm with "yes".)

#.# . ### ##+# #.# .
... ..!# #.# #.#.# #..#
#.# #.#.# #..## #.#
#.#.###...## #.#
#.###...##.....######.#
#.......###...##...##.#
# #@###..###......#
#.#............####
#.......########
#########


There were no monsters in sight!

Vanquished Creatures
  The ghost of kalagan the Thaumaturge, a novice DEFE of Vehumet (D:7)
  A hungry ghost (D:7)
  2 phantoms
  2 ogres
  2 centaurs
  A necrophage (D:6)
  5 wights
  A howler monkey (D:4)
  A centaur zombie (D:5)
  3 hounds
  A bullfrog skeleton (D:4)
  3 iguanas
  2 worker ants
  2 orc wizards
  A hound zombie (D:5)
  2 hound skeletons
  Robin (D:4)
  A howler monkey skeleton (D:4)
  2 worker ant zombies
  3 adders
  2 shadow imps (D:5)
  2 oozes
  An adder zombie (D:6)
  2 adder skeletons (D:6)
  2 worms (D:4)
  A dart slug (D:1)
  2 leopard geckos
  10 orcs
  A ball python (D:3)
  4 giant cockroaches
  A hobgoblin (D:4)
  7 jackals
  A quokka (D:4)
  3 bats
  4 frilled lizards
  A giant cockroach zombie (D:6)
  17 goblins
  4 kobolds (D:1)
  A leopard gecko skeleton (D:4)
  2 quokka zombies
  6 rats
111 creatures vanquished.

Notes
Turn   | Place    | Note
-------+----------+-------------------------------------------
     0 | D:1      | letownia2 the Demonspawn Gladiator began the quest for the Orb.
     0 | D:1      | Reached XP level 1. HP: 16/16 MP: 1/1
    42 | D:1      | Reached skill level 3 in Unarmed Combat
   169 | D:1      | Gained mutation: You are partially covered in large bone plates. (SH +4) [demonic ancestry]
   169 | D:1      | Reached XP level 2. HP: 15/22 MP: 2/2
   193 | D:1      | You fall through a shaft!
   312 | D:1      | Gained mutation: You sometimes gain a little power by taking damage. [demonic ancestry]
   312 | D:1      | Reached XP level 3. HP: 16/27 MP: 3/3
   376 | D:3      | Found a hide-covered altar of Uskayaw.
   378 | D:3      | Found a shimmering altar of Xom.
   380 | D:3      | Found a blossoming altar of Fedhas.
   466 | D:3      | Reached skill level 4 in Unarmed Combat
   499 | D:4      | Reached XP level 4. HP: 32/33 MP: 4/4
   631 | D:4      | Reached skill level 5 in Unarmed Combat
   678 | D:4      | Reached XP level 5. HP: 28/38 MP: 5/5
   779 | D:5      | Entered Level 5 of the Dungeon
   824 | D:4      | Noticed a phantom
   876 | D:4      | Killed a phantom
   876 | D:4      | Reached skill level 1 in Armour
   966 | D:4      | Reached XP level 6. HP: 37/44 MP: 6/6
  1000 | D:4      | Reached skill level 6 in Unarmed Combat
  1295 | D:4      | Noticed Robin
  1324 | D:4      | Killed Robin
  1448 | D:4      | Noticed Ethylacetat's ghost (amateur NaFi)
  1659 | D:5      | Gained mutation: Your flesh is heat resistant. (rF+) [demonic ancestry]
  1659 | D:5      | Reached XP level 7. HP: 52/52 MP: 7/7
  1687 | D:5      | Got an ebony hunting sling
  1700 | D:5      | Identified the +6 hunting sling of the Solstice {flame, rF+ rC- Str+4} (You found it on level 5 of the Dungeon)
  2032 | D:5      | Found a glowing golden altar of the Shining One.
  2034 | D:5      | Noticed an angel
  2039 | D:5      | Found a basalt altar of Yredelemnul.
  2041 | D:5      | Noticed a profane servitor
  2185 | D:6      | Reached skill level 7 in Unarmed Combat
  2185 | D:6      | Reached XP level 8. HP: 52/59 MP: 8/8
  2205 | D:7      | Noticed kalagan's ghost (novice DEFE)
  2278 | D:6      | Learned a level 1 spell: Confusing Touch
  2280 | D:6      | Learned a level 1 spell: Animate Skeleton
  2339 | D:7      | Found a shattered altar of Ashenzari.
  2439 | D:6      | Reached skill level 1 in Spellcasting
  2439 | D:6      | Reached skill level 1 in Hexes
  2439 | D:6      | Reached skill level 1 in Necromancy
  2476 | D:6      | Identified the Incunabulum of Confrontation
  2995 | D:7      | Killed kalagan's ghost
  2995 | D:7      | Gained mutation: You have sharp toenails. [demonic ancestry]
  2995 | D:7      | Reached XP level 9. HP: 51/64 MP: 10/13
  2996 | D:7      | Quit the game

Skill      XL: |  1  2  3  4  5  6  7  8 |
---------------+-------------------------+-----
Unarmed Combat | 3 4 5 6 7 |  7.3
Armour         | 2 3 4 |  4.0
Fighting       | 3 4 |  4.2
Spellcasting   | 3 |  3.1
Hexes          | 4 |  4.8
Necromancy     | 2 |  2.2
Throwing       | |  1.7
Dodging        | |  2.6

Action                   |  1- 3 |  4- 6 |  7- 9 || total
-------------------------+-------+-------+-------++-------
Melee: Unarmed           |   123 |   225 |   190 ||   538
       Punch             |     1 |     3 |     3 ||     7
 Fire: Hunting sling     |       |       |    31 ||    31
Throw: Throwing net      |     1 |     3 |       ||     4
 Cast: Confusing Touch   |       |       |     5 ||     5
 Abil: Evoke Invisibilit |       |     4 |     1 ||     5
 Stab: Invisible         |       |    11 |     3 ||    14
       Sleeping          |       |     2 |       ||     2
       Held in net/web   |       |     2 |       ||     2
       Confused          |       |       |     3 ||     3
  Eat: Chunk             |       |     4 |     5 ||     9
Armor: Leather armour    |    38 |    19 |       ||    57
       Scale mail        |       |    47 |    79 ||   126
Dodge: Dodged            |    88 |    99 |    72 ||   259
Block: Other             |    17 |    34 |    25 ||    76
